 Dungeon Crawl Stone Soup version 0.18-a0-1575-g920359c (webtiles) character file.

72 M4edhros the Poker (level 4, -4/31 HPs)
             Began as an Octopode Chaos Knight on Mar 16, 2016.
             Slain by an orc
             ... wielding a +1 war axe of electrocution
              (17 damage)
             ... on level 2 of the Dungeon.
             The game lasted 00:01:13 (1147 turns).

M4edhros the Poker (Octopode Chaos Knight)          Turns: 1147, Time: 00:01:15

Health: -4/31      AC:  1    Str: 11    XL:     4   Next: 26%
Magic:  4/4        EV: 12    Int: 14    God:    Xom [..*...]
Gold:   103        SH:  0    Dex: 12    Spells: 0 memorised, 3 levels left

rFire  . . .     SeeInvis .     a - +0 spear (chaos)
rCold  . . .     Gourm    .     (no shield)
rNeg   . . .     Faith    .     (helmet restricted)
rPois  .         Spirit   .     (no amulet)
rElec  .         Dismiss  .     (no ring)
rCorr  .         Reflect  .     (no ring)
SustAt .         Harm     .     (no ring)
MR     .....                    (no ring)
Stlth  ++........               (no ring)
                                (no ring)
                                (no ring)
                                (no ring)

@: not resistant to hostile enchantments, unstealthy
A: almost no armour, amphibious, 8 rings, constrict 8, camouflage 1, gelatinous
body 1
a: Renounce Religion


You were on level 2 of the Dungeon.
You worshipped Xom.
You were a toy of Xom.
You were not hungry.

You visited 1 branch of the dungeon, and saw 3 of its levels.

You collected 103 gold pieces.

Inventory:

Hand Weapons
 a - a +0 spear of chaos (weapon)
Jewellery
 i - a +4 ring of strength {unknown}
Scrolls
 f - a scroll of recharging {unknown}
 g - a scroll of fear {unknown}
 m - a scroll of identify {unknown}
 n - a scroll of remove curse {unknown}
Potions
 c - a potion of resistance {unknown}
 d - 2 potions of mutation {unknown}
 e - a potion of brilliance {unknown}
 j - a potion of haste {unknown}
 k - a potion of heal wounds {unknown}
 o - a potion of curing {unknown}
 q - a potion of ambrosia {unknown}
Comestibles
 b - 3 bread rations
 h - 2 fruits
 l - 3 meat rations
 p - a slice of pizza


   Skills:
 - Level 3.0 Fighting
 + Level 5.0 Polearms
 - Level 2.3 Dodging


You had 3 spell levels left.
You didn't know any spells.

Dungeon Overview and Level Annotations

Branches:
Dungeon (3/15)

Altars:

Annotations:
D:3 Robin


Innate Abilities, Weirdness & Mutations

You cannot wear most types of armour.
You are amphibious.
You can wear up to eight rings at the same time.
You can use your tentacles to constrict eight enemies at once.
Your skin changes colour to match your surroundings (Stealth).
Your rubbery body absorbs attacks (AC +1).


Message History

The orc blinks!
Robin shouts!
The goblin shouts! x2; The orc shouts!
The goblin shouts! x2
There are monsters nearby! 3 goblins come into view.
The goblin shouts!
The goblin hits you with a club.
The goblin shouts!
You hear a shout!
Robin throws the goblin at you!
There is a stone staircase leading up here.
The orc hits you but does no damage. The goblin hits you with a dagger.
The goblin hits you with a club.
You climb upwards.
There is a stone staircase leading down here.
You completely miss the orc. Your grab misses the orc.
The orc is severely wounded.
The goblin barely misses you.
The orc hits you with a war axe of electrocution.
You are electrocuted!
Ouch! That really hurt!
You die...

......†.........#
#.....#
......†)....#...#
#######
............#...#
######......#...#
#......##..#
#......##..#
#......##..#
#......##.o##
#......##.g@#
#.........#.#
#####'#####.# #.#
#.####### #.#
#.......#
#.###########.#
#........# #.#
########.# #.#
#.# #.#


You could see an orc and a goblin.

Vanquished Creatures
  2 adders (D:2)
  2 worms (D:2)
  A dart slug (D:1)
  2 giant geckos (D:2)
  4 giant cockroaches
  6 hobgoblins
  2 jackals (D:2)
  9 bats
  2 giant newts
  3 goblins
  6 kobolds
  2 rats
41 creatures vanquished.

Vanquished Creatures (others)
  An ooze (D:1)
1 creature vanquished.

Grand Total: 42 creatures vanquished

Notes
Turn   | Place    | Note
--------------------------------------------------------------
     0 | D:1      | M4edhros the Octopode Chaos Knight began the quest for the Orb.
     0 | D:1      | Reached XP level 1. HP: 16/16 MP: 1/1
   105 | D:1      | Reached XP level 2. HP: 21/21 MP: 2/2
   314 | D:1      | XOM: silly message
   322 | D:1      | XOM: harmless Trmt miscast
   332 | D:1      | Reached skill level 4 in Polearms
   368 | D:1      | Reached XP level 3. HP: 18/26 MP: 3/3
   388 | D:1      | XOM: divination: detect creatures
   405 | D:1      | XOM: silly message
   480 | D:1      | XOM: mild Pois miscast
   954 | D:2      | Reached XP level 4. HP: 29/31 MP: 4/4
   958 | D:2      | XOM: divination: detect items
  1017 | D:2      | Reached skill level 5 in Polearms
  1141 | D:3      | Noticed Robin
  1147 | D:2      | Slain by an orc

Vault maps used:
D:1:      dpeg_arrival_short_road
D:2:      first_bread
D:3:      overflow_temple_1_default, gup_sewer_entry_pipe, hex_medium,
          uniq_robin

Skill      XL: |  1  2  3  4 |
---------------+-------------+-----
Polearms       | 4 5 |  5.0
Fighting       | |  3.0
Dodging        | |  2.3

Action                   |  1- 3 |  4- 6 || total
-------------------------+-------+-------++-------
Melee: Spear             |    98 |    12 ||   110
 Stab: Sleeping          |     7 |     2 ||     9
  Eat: Chunk             |       |     1 ||     1
